 Dungeon Crawl Stone Soup version 0.29-a0-474-gdfe5cd140f (webtiles) character file.

Game seed: 12022230834986958439

15 Zeld the Digger (level 2, 12/15 HPs)
             Began as a Gargoyle Earth Elementalist on May 23, 2022.
             Quit the game on level 2 of the Dungeon.
             The game lasted 00:00:18 (335 turns).

Zeld the Digger (Gargoyle Earth Elementalist)        Turns: 335, Time: 00:00:18

Health: 12/15      AC:  4    Str: 11    XL:     2   Next: 50%
Magic:  1/5        EV: 12    Int: 15    God:
Gold:   18         SH:  0    Dex: 10    Spells: 4/5 levels left

rFire   . . .      SeeInvis .   (no weapon)
rCold   . . .      Faith    .   (no shield)
rNeg    + . .      Spirit   .   b - +0 robe
rPois   ∞          Reflect  .   (no helmet)
rElec   +          Harm     .   (no cloak)
rCorr   .          Rampage  .   (no gloves)
Will    .....                   (no boots)
Stlth   ++........              (no amulet)
HPRegen 0.05/turn               (no ring)
MPRegen 0.09/turn               (no ring)

@: no status effects
A: sickness immunity, AC +2, negative energy resistance 1, electricity
resistance, torment resistance 1, petrification resistance
a: no special abilities


You were on level 2 of the Dungeon.
You visited 1 branch of the dungeon, and saw 2 of its levels.

You collected 18 gold pieces.

Inventory:

Missiles
 a - 43 stones
Armour
 b - a +0 robe (worn)
Scrolls
 e - a scroll of identify {unknown}
Potions
 c - a potion of magic
 d - a potion of curing {unknown}


   Skills:
 + Level 1.8 Dodging
 + Level 2.5 Stealth
 + Level 2.1 Spellcasting
 + Level 1.0 Transmutations
 + Level 3.8 Earth Magic


You had 4 spell levels left.
You knew the following spells:

 Your Spells              Type           Power      Damage    Failure   Level
a - Sandblast             Erth           26%        2d8       4%          1

Your spell library contained the following spells:

 Spells                   Type           Power      Damage    Failure   Level
 Passwall                 Tmut/Erth      7%         N/A       12%         2
 Magic Dart               Conj           4%         1d3       22%         1
 Stone Arrow              Conj/Erth      14%        3d7       30%         3
 Call Imp                 Summ           1%         N/A       32%         2
 Mephitic Cloud           Conj/Pois/Air  1%         N/A       54%         3
 Petrify                  Tmut/Erth      9%         N/A       61%         4


Dungeon Overview and Level Annotations

Branches:
Dungeon (2/15)

Altars:


Innate Abilities, Weirdness & Mutations

You are immune to sickness and miasma.
Your stone body is resilient. (AC +2)
You are immune to poison.
You resist negative energy. (rN+)
You are resistant to electric shocks. (rElec)
You are resistant to unholy torment.
You are immune to petrification.


Message History

The blast of sand hits the endoplasm!
You kill the endoplasm!
The helpless ball python fails to defend itself.
You hit the ball python.
You kill the ball python!
You see here a ball python corpse.
e - a scroll labelled ILAIFI SENY No target in view!
You can't see any susceptible monsters within range! (Use Z to cast anyway.) No target in view!
a - 45 stones (gained 20)
An adder, a giant cockroach and a bat come into view.
A rat comes into view.
There are monsters nearby!
You hit the rat.
The rat is heavily wounded.
The adder hisses angrily.
The rat bites you but does no damage.
There are monsters nearby!
You closely miss the rat. The rat barely misses you.
There are monsters nearby!
You hit the rat.
The rat is heavily wounded.
The rat bites you but does no damage.
The blast of sand hits the rat!
You kill the rat!
A goblin comes into view. It is wielding a +0 dagger.
The bat closely misses you.
You closely miss the adder. The giant cockroach misses you.
The adder barely misses you. The giant cockroach bites you.
You miss the adder. The bat hits you but does no damage. The adder misses you.
The giant cockroach bites you but does no damage.
The bat closely misses you.
The blast of sand hits the adder!
You kill the adder!
The bat hits you but does no damage. The giant cockroach bites you.
Your Transmutations skill increases to level 1!
You have reached level 2!
Unknown command.
Are you sure you want to abandon this character and quit the game? (Confirm with "yes".)

#.#.# #g #.#.#
#.#.# # #.#.# #.
#.#.#
####.###.#.#
......b#.#
.#.....#.#.####
.......@†.......
.#....B##.......
....... .######
##.#..# .. # ##.
.## #. .# # .#


You could see a giant cockroach and a bat.

Vanquished Creatures
  An adder (D:2)
  An endoplasm (D:2)
  A goblin (D:2)
  A ball python (D:2)
  A bat (D:1)
  A frilled lizard (D:2)
  2 rats
8 creatures vanquished.

Notes
Turn   | Place    | Note
-------+----------+-------------------------------------------
     0 | D:1      | Zeld the Gargoyle Earth Elementalist began the quest for
                  | the Orb.
     0 | D:1      | Reached XP level 1. HP: 10/10 MP: 3/3
    72 | D:1      | You fall into a shaft and drop 1 floor!
   335 | D:2      | Reached skill level 1 in Transmutations
   335 | D:2      | Reached XP level 2. HP: 12/15 MP: 1/5
   335 | D:2      | Quit the game

Illustrated notes

Levels and vault maps discovered:
D:1:      minmay_arrival_doors, layout_basic
D:2:      layout_loops_ring

Skill      XL: |  1 |
---------------+----+-----
Transmutations | 1 |  1.0
Dodging        | |  1.8
Stealth        | |  2.5
Spellcasting   | |  2.1
Earth Magic    | |  3.8

Action                   || total
-------------------------++-------
Melee: Unarmed           ||    11
 Cast: Sandblast         ||     7
 Stab: Sleeping          ||     2
Armor: Robe              ||     7
Dodge: Dodged            ||     8

Table legend: (Time is in decaauts)
 A = Elapsed time spent in this place.
 B = Non-inter-level travel time spent in this place.
 C = Inter-level travel time spent in this place.
 D = Time resting spent in this place.
 E = Time spent auto-exploring this place.
 F = Levels seen in this place.
 G = Mean time per level.
                   A        B        C        D        E       F      G
               +--------+--------+--------+--------+--------+-----+--------+
         Total |    334 |    334 |      0 |      0 |    287 |   2 |  167.0 |
       Dungeon |    334 |    334 |      0 |      0 |    287 |   2 |  167.0 |
               +--------+--------+--------+--------+--------+-----+--------+

Top non-repeatable levels by time:
     D:2: 262 daAuts
     D:1: 72 daAuts
